 Dungeon Crawl Stone Soup version 0.30-a0-364-gf6b3ef1049 (webtiles) character file.

Game seed: 7706386970616628563

51 NinjaNoafa the Covered (level 3, -6/32 HPs)
             Began as an Armataur Fighter on Nov 15, 2022.
             Mangled by a gnoll
             ... wielding a +0 halberd
              (12 damage)
             ... on level 2 of the Dungeon.
             The game lasted 00:02:40 (1193 turns).

NinjaNoafa the Covered (Armataur Fighter)           Turns: 1193, Time: 00:02:41

Health: -6/32      AC:  6    Str: 23    XL:     3   Next: 58%
Magic:  3/3        EV:  7    Int:  8    God:
Gold:   36         SH:  4    Dex:  9    Spells: 2/2 levels left

rFire   . . .      SeeInvis .    a - +0 flail
rCold   . . .      Faith    .    c - +0 buckler
rNeg    . . .      Spirit   .    b - +0 scale mail
rPois   .          Reflect  .    (no helmet)
rElec   .          Harm     .    (no cloak)
rCorr   .          Roll     +    (no gloves)
Will    .....                    (no barding)
Stlth   ..........               (no amulet)
HPRegen 0.25/turn                (no ring)
MPRegen 0.08/turn                (no ring)

@: mighty
A: large, rugged brown scales 3, deformed body, armoured tail, roll, long
tongue, awkward tongue
a: no special abilities


You were on level 2 of the Dungeon.
You visited 1 branch of the dungeon, and saw 2 of its levels.

You collected 36 gold pieces.

Inventory:

Hand Weapons
 a - a +0 flail (weapon)
Missiles
 n - 6 javelins (quivered)
Armour
 b - a +0 scale mail (worn)
 c - a +0 buckler (worn)
Jewellery
 h - a ring of fire
Wands
 k - a wand of iceblast (7)
Scrolls
 f - a scroll of magic mapping {unknown}
 g - 2 scrolls of enchant weapon {unknown}
 i - 3 scrolls of identify {unknown}
 j - 2 scrolls of butterflies {unknown}
 m - a scroll of teleportation {unknown}
Potions
 e - a potion of magic {unknown}
 l - a potion of flight {unknown}
 o - a potion of berserk rage {unknown}


   Skills:
 - Level 2.7 Fighting
 + Level 3.6 Maces & Flails
 - Level 3.6 Armour
 - Level 3.3 Shields


You had 2 spell levels left.
You didn't know any spells.
Your spell library was empty.

Dungeon Overview and Level Annotations

Branches:
Dungeon (2/15)

Altars:


Innate Abilities, Weirdness & Mutations

You are completely covered in rugged brown scales. (AC +3, +7% HP)
Armour fits poorly on your strangely shaped body.
You have a long armoured tail.
You roll when moving toward enemies. (Rampage)
Your long tongue fully drains potion bottles. (2x potion effects)
Your tongue gives you trouble enunciating. (1.5x scroll delay)


Message History

You closely miss the quokka.
The quokka is severely wounded.
You block the quokka's attack.
The jackal bites you but does no damage.
The quokka completely misses you. The jackal bites you.
The jackal attacks as you move away!
The jackal bites you but does no damage.
The jackal attacks as you move away! The jackal barely misses you.
The jackal bites you but does no damage.
You hit the jackal but do no damage. The jackal closely misses you.
You barely miss the jackal.
The jackal bites you but does no damage.
The jackal bites you.
* * * LOW HITPOINT WARNING * * *
You hit the jackal.
The jackal is almost dead.
The jackal barely misses you.
The jackal bites you but does no damage.
The quokka twitches its whiskers.
You slurp down every last drop of the potion of might!
You feel very mighty all of a sudden. The jackal completely misses you.
You sock the jackal!
You kill the jackal!
The quokka barely misses you.
You closely miss the quokka.
The quokka is moderately wounded.
The quokka closely misses you.
You sock the quokka!
You kill the quokka!
The quokka twitches its whiskers.
You sock the quokka!
You kill the quokka!
You barely miss the worm. You tail-slap the worm!
You kill the worm!
You roll towards the gnoll!
You closely miss the gnoll.
The gnoll hits you from afar with a +0 halberd.
* * * LOW HITPOINT WARNING * * *
The gnoll hits you with a +0 halberd!
You die...

.......####.#........
...... ........†..÷. #...#
#.#####...... #...###.#
###.<....
#......###........
#......#...###....
#.#......###...... .#.
#.##.##.÷....##... ....###
#@##...#...#######
.......##g##.......## ##
....g.h†hg##.#...#..####..
......###........##...#..#
..... .................#
.... .##.##...#.......#
... #.#..####.......... ..
..#..# #.###†..... # .# #
#. #.......


You could see 2 gnolls and a jackal.

Vanquished Creatures
  An adder (D:2)
  A worm (D:2)
  A dart slug (D:2)
  3 endoplasms
  A giant cockroach (D:1)
  2 hobgoblins (D:1)
  5 jackals
  4 quokkas
  5 ball pythons
  5 bats
  2 frilled lizards (D:1)
  2 kobolds (D:1)
  4 rats
36 creatures vanquished.

Vanquished Creatures (others)
  6 plants (D:1)
6 creatures vanquished.

Grand Total: 42 creatures vanquished

Notes
Turn   | Place    | Note
-------+----------+-------------------------------------------
     0 | D:1      | NinjaNoafa the Armataur Fighter began the quest for the
                  | Orb.
     0 | D:1      | Reached XP level 1. HP: 19/19 MP: 1/1
   334 | D:1      | You fall into a shaft and drop 1 floor!
   345 | D:2      | Reached XP level 2. HP: 26/26 MP: 2/2
   565 | D:1      | Reached XP level 3. HP: 32/32 MP: 3/3
  1193 | D:2      | Mangled by a gnoll

Illustrated notes

Levels and vault maps discovered:
D:1:      minmay_arrival_stair_chambers, layout_loops_corners, st_stairs_10,
          serial_bayou_ford_a
D:2:      layout_rooms, chequers_serial_rivers_micro_b, minmay_surrounded

Skill      XL: |  1  2 |
---------------+-------+-----
Maces & Flails | 2 3 |  3.6
Fighting       | |  2.7
Armour         | |  3.6
Shields        | |  3.3

Action                   || total
-------------------------++-------
Melee: Flail             ||    87
       Tailslap          ||     6
Throw: Javelin           ||    17
  Use: Potion            ||     1
Armor: Scale mail        ||    70
Dodge: Dodged            ||    47
Block: Buckler           ||    24

Table legend: (Time is in decaauts)
 A = Elapsed time spent in this place.
 B = Non-inter-level travel time spent in this place.
 C = Inter-level travel time spent in this place.
 D = Time resting spent in this place.
 E = Time spent auto-exploring this place.
 F = Levels seen in this place.
 G = Mean time per level.
                   A        B        C        D        E       F      G
               +--------+--------+--------+--------+--------+-----+--------+
         Total |   1241 |   1149 |     92 |      0 |    913 |   2 |  620.5 |
       Dungeon |   1241 |   1149 |     92 |      0 |    913 |   2 |  620.5 |
               +--------+--------+--------+--------+--------+-----+--------+

Top non-repeatable levels by time:
     D:1: 1048 daAuts
     D:2: 192 daAuts
